 Dungeon Crawl Stone Soup version 0.30-a0-772-g5528072125 (webtiles) character file.

Game seed: 2401993958209989864

91 Dirtsage the Slasher (level 4, -1/37 HPs)
             Began as a Merfolk Fighter on Feb 12, 2023.
             Slain by a hobgoblin (6 damage)
             ... led by Robin
             ... on level 2 of the Dungeon.
             The game lasted 00:02:47 (1719 turns).

Dirtsage the Slasher (Merfolk Fighter)              Turns: 1719, Time: 00:02:48

Health: -1/37      AC:  3    Str: 15 (16) XL:     4   Next: 59%
Magic:  4/4        EV: 11    Int:  4 (7)  God:
Gold:   94         SH:  5    Dex: 14 (15) Spells: 3/3 levels left

rFire   . . .      SeeInvis .    a - +0 long sword
rCold   . . .      Faith    .    c - +0 buckler
rNeg    . . .      Spirit   .    f - +0 leather armour
rPois   .          Reflect  .    (no helmet)
rElec   .          Harm     .    (no cloak)
rCorr   .          Rampage  .    (no gloves)
Will    .....                    (no boots)
Stlth   +                        (no amulet)
HPRegen 0.26/turn                (no ring)
MPRegen 0.09/turn                (no ring)

@: mighty, brilliant
A: (nimble swimmer 2), mertail
a: no special abilities


You were on level 2 of the Dungeon.
You visited 1 branch of the dungeon, and saw 2 of its levels.

You collected 94 gold pieces.

Inventory:

Hand Weapons
 a - a +0 long sword (weapon)
Armour
 b - a +0 scale mail
 c - a +0 buckler (worn)
 f - a +0 leather armour (worn)
Scrolls
 e - 5 scrolls of identify {unknown}
 g - a scroll of brand weapon {unknown}
 i - a scroll of noise {unknown}
Potions
 d - 2 potions of might


   Skills:
 + Level 3.9 Fighting
 * Level 4.1 Long Blades
 - Level 2.1 Armour
 + Level 1.9 Dodging
 + Level 3.5 Shields


You had 3 spell levels left.
You didn't know any spells.
Your spell library contained the following spells:

 Spells                   Type           Power      Damage    Failure   Level
 Ensorcelled Hibernation  Hex/Ice        0%         N/A       80%         2
 Spider Form              Tmut/Pois      0%         N/A       95%         3
 Anguish                  Hex/Necr       0%         N/A       100%        4


Dungeon Overview and Level Annotations

Branches:
Dungeon (2/15)

Altars:

Annotations:
D:2 Robin


Innate Abilities, Weirdness & Mutations

((You are very nimble when in or above water. (Stealth+, EV+, Speed+++)))
Your lower body shifts to a powerful aquatic tail in water.


Message History

You take 3 damage, and have 21/37 hp.
You barely miss the goblin.
The goblin is moderately wounded.
The hobgoblin no longer looks unusually strong.
The goblin closely misses you. The hobgoblin barely misses you.
You barely miss the goblin.
The goblin is moderately wounded.
The goblin hits you with a +0 club.
The hobgoblin hits you but does no damage.
You take 5 damage, and have 17/37 hp.
You hit the goblin.
You kill the goblin!
Robin throws the goblin at you! The goblin hits you but does no damage.
The hobgoblin hits you.
* * * LOW HITPOINT WARNING * * *
Robin roars a battlecry!
The hobgoblin goes into a battle-frenzy!
The hobgoblin hits you.
* * * LOW HITPOINT WARNING * * *
You block the goblin's attack.
You take 7 damage, and have 10/37 hp.
You closely miss the goblin.
The hobgoblin no longer looks unusually strong. x2
Robin says, "Bow before me, strongest of all the hobgoblins!"
Robin roars a battlecry!
The hobgoblins go into a battle-frenzy!
The goblin hits you with a +0 dagger.
* * * LOW HITPOINT WARNING * * *
The hobgoblin hits you.
* * * LOW HITPOINT WARNING * * *
You take 3 damage, and have 7/37 hp.
You slice the goblin!!
You kill the goblin!
The hobgoblin hits you.
* * * LOW HITPOINT WARNING * * *
You take 3 damage, and have 4/37 hp.
You slash the hobgoblin!
You kill the hobgoblin!
You closely miss the hobgoblin. The hobgoblin hits you.
You die...

#######... # .. #........< #g
.### #########.#####... #.g
... .........#####..> #... ..
#..........#...† ...g #.##
#..........#.... #..###..#
#..........#.###
#....##.######.....)....#.#
###.†...gggg@).....#####..##
#..##.gg####..##.........##
#####......####.#####....##...
#...#..###...##.# #.##.....#
#<..#.## ###.#..# #.#..###..
#.....# #...## #...## ###
#)..#.# ##..# ###.### #
#...#.## ###.## #...# #
#...#..####....####.#.# #


You could see Robin, 4 hobgoblins and a goblin.

Vanquished Creatures
  2 adders (D:2)
  2 worms (D:2)
  7 ball pythons
  5 bats
  5 endoplasms
  4 giant cockroaches
  12 goblins
  6 hobgoblins
  6 kobolds
  3 quokkas
  3 frilled lizards
  3 rats
58 creatures vanquished.

Notes
Turn   | Place    | Note
-------+----------+-------------------------------------------
     0 | D:1      | Dirtsage the Merfolk Fighter began the quest for the Orb.
     0 | D:1      | Reached XP level 1. HP: 18/18 MP: 1/1
   120 | D:1      | Reached XP level 2. HP: 20/24 MP: 2/2
   127 | D:1      | Reached skill level 3 in Long Blades
   623 | D:1      | Reached XP level 3. HP: 28/29 MP: 3/3
   698 | D:1      | Reached skill level 1 in Dodging
  1296 | D:2      | Reached XP level 4. HP: 35/37 MP: 4/4
  1515 | D:2      | Reached skill level 4 in Long Blades
  1681 | D:2      | Noticed Robin
  1719 | D:2      | Slain by a hobgoblin

Illustrated notes

Levels and vault maps discovered:
D:1:      eino_arrival_water_star, layout_basic
D:2:      layout_rooms, serial_shops, nicolae_shop_stone, grunt_ministairs_8,
          uniq_robin

Skill      XL: |  1  2  3  4 |
---------------+-------------+-----
Long Blades    | 3 4 |  4.1
Dodging        | 1 |  1.9
Fighting       | |  3.9
Armour         | |  2.1
Shields        | |  3.5

Action                     |  1- 3 |  4- 6 || total
---------------------------+-------+-------++-------
  Melee: Long sword        |   135 |    62 ||   197
    Use: Potion            |       |     4 ||     4
 Armour: Scale mail        |     7 |       ||     7
         Leather armour    |    34 |    16 ||    50
  Dodge: Dodged            |    69 |    42 ||   111
  Block: Buckler           |    37 |    11 ||    48

Table legend: (Time is in decaauts)
 A = Elapsed time spent in this place.
 B = Non-inter-level travel time spent in this place.
 C = Inter-level travel time spent in this place.
 D = Time resting spent in this place.
 E = Time spent auto-exploring this place.
 F = Levels seen in this place.
 G = Mean time per level.
                   A        B        C        D        E       F      G
               +--------+--------+--------+--------+--------+-----+--------+
         Total |   1770 |   1723 |     47 |     59 |   1240 |   2 |  885.0 |
       Dungeon |   1770 |   1723 |     47 |     59 |   1240 |   2 |  885.0 |
               +--------+--------+--------+--------+--------+-----+--------+

Top non-repeatable levels by time:
     D:1: 1131 daAuts
     D:2: 639 daAuts
